 Dungeon Crawl Stone Soup version 0.29.1-2-gbd0b4ee654 (webtiles) character file.

Game seed: 1852713377928477185

46 qeuew the Chopper (level 3, -2/33 HPs)
             Began as a Hill Orc Cinder Acolyte on Nov 8, 2022.
             Was a High Priest of Ignis.
             Slain by Terence
             ... wielding a +0 mace
              (7 damage)
             ... on level 1 of the Dungeon.
             The game lasted 00:03:19 (1649 turns).

qeuew the Chopper (Hill Orc Cinder Acolyte)         Turns: 1649, Time: 00:03:20

Health: -2/33      AC:  9    Str: 18    XL:     3   Next: 68%
Magic:  4/4        EV: 11    Int: 14    God:    Ignis [*****.]
Gold:   62         SH:  0    Dex:  6    Spells: 4/4 levels left

rFire   + . .      SeeInvis .   c - +1 war axe
rCold   . . .      Faith    .   (no shield)
rNeg    . . .      Spirit   .   b - +0 robe
rPois   .          Reflect  .   (no helmet)
rElec   .          Harm     .   (no cloak)
rCorr   .          Rampage  .   (no gloves)
Will    +....                   (no boots)
Stlth   +.........              (no amulet)
HPRegen 0.11/turn               (no ring)
MPRegen 0.09/turn               (no ring)

@: fiery-armoured
A: low MP 1, strong-willed 1
a: Renounce Religion, Fiery Armour, Foxfire Swarm, Rising Flame


You were on level 1 of the Dungeon.
You worshipped Ignis.
Ignis was extremely pleased with you.
You visited 1 branch of the dungeon, and saw 2 of its levels.

You collected 62 gold pieces.

Inventory:

Hand Weapons
 c - a +1 war axe (weapon)
Armour
 b - a +0 robe (worn)
Scrolls
 f - a scroll of teleportation
Potions
 a - a potion of magic


   Skills:
 + Level 4.0 Fighting
 + Level 4.4 Axes
 + Level 1.0 Armour
 + Level 0.8 Dodging
 - Level 1.2 Spellcasting
 + Level 3.7 Fire Magic


You had 4 spell levels left.
You didn't know any spells.
Your spell library contained the following spells:

 Spells                   Type           Power      Damage    Failure   Level
 Scorch                   Fire           22%        2d6       9%          2


Dungeon Overview and Level Annotations

Branches:
Dungeon (2/15)

Altars:

Annotations:
D:1 Terence


Innate Abilities, Weirdness & Mutations

Your magical capacity is low. (-10% MP)
You are strong-willed. (Will+)


Message History

Terence shouts!
An endoplasm comes into view.
You see here a jackal corpse.
Terence screams, "I want your blood!"
There is a stone staircase leading up here.
Terence hits you but does no damage. The rat bites you.
You climb upwards.
There is a stone staircase leading down here.
You hit Terence.
Terence is moderately wounded.
You barely miss the rat. The rat bites you but does no damage.
Terence hits you with a +0 mace.
* * * LOW HITPOINT WARNING * * *
You hit Terence.
Terence is moderately wounded.
You slash the rat!
You kill the rat!
Terence hits you with a +0 mace.
* * * LOW HITPOINT WARNING * * *
Terence barely misses you.
Okay, then.
You slash Terence!
Terence is severely wounded.
Terence hits you with a +0 mace.
* * * LOW HITPOINT WARNING * * *
A protective cloak of flame settles atop you.
Terence barely misses you.
You hit Terence.
Terence is almost dead.
Terence says, "Don't bother to defend, it's senseless."
Terence hits you but does no damage.
Terence is burned by your cloak of flames.
Terence is almost dead.
You barely miss Terence.
Terence is almost dead.
Terence completely misses you.
You barely miss Terence.
Terence is almost dead.
Terence hits you with a +0 mace!
You die...

....##....#....#####
....###.....##.....##
######..............##
# #................# #
#................#
#................#
#................#
#............@...#
#...........@....#
##..............##
##.....##.....##
##############


You could see Terence.

Vanquished Creatures
  A gnoll (D:1)
  An adder (D:2)
  2 ball pythons
  An endoplasm (D:1)
  3 goblins (D:1)
  A hobgoblin (D:1)
  4 jackals (D:2)
  4 kobolds (D:1)
  A quokka (D:1)
  4 bats
  2 frilled lizards (D:1)
  2 rats (D:1)
26 creatures vanquished.

Notes
Turn   | Place    | Note
-------+----------+-------------------------------------------
     0 | D:1      | qeuew the Hill Orc Cinder Acolyte began the quest for the
                  | Orb.
     0 | D:1      | Reached XP level 1. HP: 19/19 MP: 2/2
    38 | D:1      | Reached XP level 2. HP: 1/27 MP: 3/3
   940 | D:1      | Reached XP level 3. HP: 25/33 MP: 4/4
  1390 | D:1      | Gained mutation: Your magical capacity is low. (-10% MP)
                  | [potion of mutation]
  1390 | D:1      | Gained mutation: You are strong-willed. (Will+) [potion of
                  | mutation]
  1606 | D:2      | Reached skill level 1 in Armour
  1633 | D:2      | Noticed Terence
  1649 | D:1      | Slain by Terence

Illustrated notes

Levels and vault maps discovered:
D:1:      amcnicky_arrival_flooded_fountain, layout_rooms
D:2:      layout_rooms, serial_shops, shop_fountains, skrybe_limestone_x,
          uniq_terence

Skill      XL: |  1  2  3 |
---------------+----------+-----
Fighting       | 4 |  4.0
Armour         | 1 |  1.0
Axes           | |  4.4
Dodging        | |  0.8
Spellcasting   | |  1.2
Fire Magic     | |  3.7

Action                   || total
-------------------------++-------
Melee: War axe           ||   107
       Punch             ||     1
Invok: Fiery Armour      ||     1
  Use: Scroll            ||     2
       Potion            ||     2
Armor: Robe              ||    30
Dodge: Dodged            ||    84
